 Dungeon Crawl Stone Soup version 0.22-a0-192-g6ffc940 (webtiles) character file.

47 vishdafish the Skirmisher (level 3, 25/29 HPs)
             Began as a Demonspawn Fighter on Feb 16, 2018.
             Quit the game on level 2 of the Dungeon.
             The game lasted 00:01:13 (1255 turns).

vishdafish the Skirmisher (Demonspawn Fighter)      Turns: 1255, Time: 00:01:13

Health: 25/29      AC:  6    Str: 16    XL:     3   Next: 48%
Magic:  3/3        EV:  6    Int: 10    God:
Gold:   62         SH:  8    Dex: 12    Spells: 2/2 levels left

rFire    . . .     SeeInvis .   a - +0 long sword
rCold    + . .     Gourm    .   c - +0 shield
rNeg     . . .     Faith    .   b - +0 scale mail
rPois    .         Spirit   .   (no helmet)
rElec    .         Reflect  .   (no cloak)
rCorr    .         Harm     .   (no gloves)
MR       .....                  (no boots)
Stlth    ..........             n - amulet of inaccuracy (curse)
HPRegen  0.09/turn              (no ring)
MPRegen  0.08/turn              (no ring)

@: no status effects
A: cold resistance 1
a: no special abilities


You were on level 2 of the Dungeon.
You were not hungry.

You visited 1 branch of the dungeon, and saw 2 of its levels.

You collected 62 gold pieces.

Inventory:

Hand Weapons
 a - a +0 long sword (weapon)
Armour
 b - a +0 scale mail (worn)
 c - a +0 shield (worn)
Jewellery
 n - a cursed amulet of inaccuracy (around neck)
Scrolls
 d - 2 scrolls of amnesia {unknown}
 i - a scroll of teleportation {unknown}
 j - a scroll of enchant weapon {unknown}
 k - 2 scrolls of remove curse {unknown}
 l - a scroll of fear {unknown}
 m - 2 scrolls of identify {unknown}
Potions
 e - a potion of curing {unknown}
 g - a potion of berserk rage {unknown}
 h - a potion of cancellation {unknown}
Comestibles
 f - 6 rations


   Skills:
 + Level 3.4 Fighting
 * Level 2.7 Long Blades
 + Level 3.1 Armour
 - Level 2.7 Shields


You had 2 spell levels left.
You didn't know any spells.

Dungeon Overview and Level Annotations

Branches:
Dungeon (2/15)

Altars:
Sif Muna


Innate Abilities, Weirdness & Mutations

Your flesh is cold resistant. (rC+)


Message History

The giant cockroach closely misses you.
You riposte.
You closely miss the giant cockroach.
The giant cockroach bites you but does no damage.
Your scale mail prevents you from hitting the giant cockroach.
The giant cockroach bites you but does no damage.
You block the giant cockroach's attack.
You closely miss the giant cockroach. The giant cockroach closely misses you.
You riposte.
You slash the giant cockroach!
You kill the giant cockroach!
No target in view!
No target in view!
No target in view!
Found a stone staircase leading down.
You see here a giant cockroach corpse.
You butcher the giant cockroach corpse.
o - a chunk of flesh Eating a chunk of flesh.
You eat the chunk of flesh.
This raw flesh tastes terrible.
A kobold comes into view. It is wielding a dagger.
Are you sure you want to abandon this character and quit the game? (Confirm with "yes".)

#. ###.........#
##.## #.........# K
...# #.........# ..
#..# #.........# ...
#..####.##......#
....
#...#......#.####
..... #...#.#....#.#
......#.....#....#.#
#..@#####....#.#
#.....# #....#.#
#.##..#####.####.# #
#..##....# #.#
.#.##.#######.#
###>##.......#.#####
##########.#.....#
#.#####.# #.......#


You could see a kobold (wandering).

Vanquished Creatures
  An adder (D:2)
  A worm (D:2)
  A bat (D:1)
  3 giant cockroaches
  4 goblins (D:1)
  4 hobgoblins
  3 jackals (D:2)
  6 kobolds
  A quokka (D:2)
  2 ball pythons (D:1)
  3 frilled lizards
  2 rats (D:1)
31 creatures vanquished.

Notes
Turn   | Place    | Note
-------+----------+-------------------------------------------
     0 | D:1      | vishdafish the Demonspawn Fighter began the quest for the Orb.
     0 | D:1      | Reached XP level 1. HP: 18/18 MP: 1/1
   177 | D:1      | Gained mutation: Your flesh is cold resistant. (rC+) [demonic ancestry]
   177 | D:1      | Reached XP level 2. HP: 22/24 MP: 2/2
   828 | D:2      | Reached XP level 3. HP: 14/29 MP: 3/3
   846 | D:2      | Found a deep blue altar of Sif Muna.
  1255 | D:2      | Quit the game

Vault maps used:
D:1:      eino_arrival_cavern_a, minmay_shallow_snake_nest
D:2:      grunt_temple_overflow_open, lemuel_doored_altar, first_ration,
          kennysheep_decorative_pillar, minmay_pentomino_p4

Skill      XL: |  1  2 |
---------------+-------+-----
Long Blades    | 2 |  2.7
Armour         | 3 |  3.1
Fighting       | |  3.4
Shields        | |  2.7

Action                   || total
-------------------------++-------
Melee: Long sword        ||    98
  Use: Potion            ||     1
  Eat: Chunk             ||     1
Armor: Scale mail        ||    51
Dodge: Dodged            ||    28
Block: Shield            ||    52
       Rpst.: Long sword ||    10

Table legend:
 A = Spawn XP
 B = Non-spawn XP
 C = Spawn XP percentage of total XP
 D = Spawn monster count
 E = Non-spawn monster count
 F = Spawn count percentage of total count
 G = Total turns spent on level
                    A         B        C        D         E        F      G
               +---------+---------+-------+---------+---------+-------+---------
         Total |       0 |      68 |   0.0 |       0 |      31 |   0.0 |  1255
               +---------+---------+-------+---------+---------+-------+---------
           D:1 |       0 |      31 |   0.0 |       0 |      19 |   0.0 |   778
           D:2 |       0 |      37 |   0.0 |       0 |      12 |   0.0 |   477
               +---------+---------+-------+---------+---------+-------+---------
